 Dungeon Crawl Stone Soup version 0.16.2-12-gd0ad4c3 (webtiles) character file.

7067 Peloso the Carver (level 10, -1/88 (91) HPs)
             Began as a Minotaur Fighter on Nov 26, 2015.
             Was a Priest of Okawaru.
             Slain by a hill giant
             ... wielding a +0 giant club
              (32 damage)
             ... on level 10 of the Dungeon.
             The game lasted 00:35:13 (9623 turns).

Peloso the Carver (Minotaur Fighter)                Turns: 9623, Time: 00:35:13

HP:   -1/88 (91)    AC: 17    Str: 22    XL:     10   Next: 83%
MP:   4/4           EV:  9    Int:  5    God:    Okawaru [***...]
Gold: 629           SH: 13    Dex: 15    Spells: 0 memorised, 9 levels left

rFire  . . .     SeeInvis .     O - +4 long sword of Dividends {venom, Noisy rElec Dex+3}
rCold  . . .     Clarity  .     r - +0 plate armour
rNeg   . . .     SustAb   .     c - +1 shield
rPois  .         Gourm    .     (helmet restricted)
rElec  +         Spirit   .     J - +0 cloak
rCorr  .         Warding  .     G - +0 pair of gloves
rMut   .         Stasis   .     (no boots)
MR     .....                    (no amulet)
Stlth  ..........               C - ring of flight
                                j - ring of teleport control

@: not resistant to hostile enchantments, extremely unstealthy
A: retaliatory headbutt, horns 2
a: Heroism, Renounce Religion, Evoke Flight, Evoke Teleport Control


You were on level 10 of the Dungeon.
You worshipped Okawaru.
Okawaru was most pleased with you.
You were very hungry.

You visited 2 branches of the dungeon, and saw 11 of its levels.
You also visited: Ossuary.

You collected 629 gold pieces.

Inventory:

Hand weapons
 a - a +2 scimitar
 t - a +2 whip of flaming
 y - a +3 long sword of freezing
 O - the +4 long sword of Dividends (weapon) {venom, Noisy rElec Dex+3}
   (You found it on level 10 of the Dungeon)

   It poisons the flesh of those it strikes.
   It affects your dexterity (+3).
   It insulates you from electricity.
   It may make noises in combat.
Armour
 c - a +1 shield (worn)
 q - a +3 chain mail
 r - a +0 plate armour (worn)
 G - a +0 pair of gloves (worn)
 J - a +0 cloak (worn)
Jewellery
 j - a ring of teleport control (left hand)
 u - an uncursed ring of magical power
 C - a ring of flight (right hand)
Magical devices
 b - a wand of digging (3)
 o - a wand of teleportation (7)
 L - a wand of lightning (4)
Scrolls
 l - 3 scrolls of fog
 m - 2 scrolls of amnesia
 D - 3 scrolls of enchant armour
 I - 2 scrolls of magic mapping
 M - a scroll of recharging
Potions
 e - 2 potions of might
 g - 2 potions of cancellation
 h - 6 potions of curing
 i - 2 potions of agility
 k - 4 potions of restore abilities
 n - a potion of magic
 s - 3 potions of haste {unknown}
 z - 4 potions of resistance {unknown}
 B - 2 potions of poison {unknown}
 K - 2 potions of brilliance {unknown}
Books
 x - a book of Flames

   Spells                             Type                      Level
   a - Flame Tongue                   Conjuration/Fire             1
   b - Throw Flame                    Conjuration/Fire             2
   c - Conjure Flame                  Conjuration/Fire             3
   d - Inner Flame                    Hexes/Fire                   3
   e - Sticky Flame                   Conjuration/Fire             4
   f - Fireball                       Conjuration/Fire             5
 A - a book of Alchemy

   Spells                             Type                      Level
   a - Sublimation of Blood           Necromancy                   2
   b - Alistair's Intoxication        Transmutation/Poison         4
   c - Condensation Shield            Ice                          4
   d - Petrify                        Transmutation/Earth          4
   e - Ignite Poison                  Fire/Transmutation           5
   f - Irradiate                      Conjuration/Transmutation    5
 H - a book of Frost

   Spells                             Type                      Level
   a - Freeze                         Ice                          1
   b - Throw Frost                    Conjuration/Ice              2
   c - Ozocubu's Armour               Charms/Ice                   3
   d - Throw Icicle                   Conjuration/Ice              4
   e - Summon Ice Beast               Ice/Summoning                4
   f - Condensation Shield            Ice                          4
Miscellaneous
 F - a sack of spiders
Comestibles
 d - 7 bread rations
 f - 4 royal jellies
 p - a beef jerky
 v - 4 meat rations
 w - 7 fruits


   Skills:
 + Level 9.5 Fighting
 + Level 10.3 Long Blades
 + Level 9.7 Armour
 + Level 5.9 Dodging
 + Level 1.0 Stealth
 + Level 10.3 Shields


You had 9 spell levels left.
You didn't know any spells.

Dungeon Overview and Level Annotations

Branches:
Dungeon (10/15)            Temple (1/1) D:4            Lair (0/8) D:10
    Orc (0/4) D:10

Altars:
Ashenzari
Cheibriados
Dithmenos
Elyvilon
Fedhas
Gozag
Kikubaaqudgha
Makhleb
Nemelex Xobeh
Okawaru
Qazlal
Ru
Sif Muna
Trog
Vehumet
Xom
Yredelemnul
Zin
The Shining One

Shops:
D:4 (   D:6 (   D:7 }


Innate Abilities, Weirdness & Mutations

You reflexively headbutt those who attack you in melee.
You have a pair of horns on your head.


Message History

Your surroundings suddenly seem different.
You start resting.
You are feeling very hungry.
You start resting.
All of the chunks of flesh in your inventory have rotted away.
You start resting.
You feel yourself speed up.
You start resting.
A hill giant is nearby!
A hill giant is nearby!
A hill giant is nearby!
The hill giant shouts!
You slash the hill giant!
The hill giant is poisoned.
Your headbutt misses the hill giant.
The hill giant is moderately wounded.
The hill giant barely misses you.
You slash the hill giant!
The hill giant is heavily wounded.
The hill giant hits you with a giant club!!
You die...

#...................############.
#...................# #.
#...................# #.
#...................############.
.................................
.................................
.......######............######..
######.# #..#######...# #..
.......######..C@........######..
.................................
#################################


You could see a hill giant.

Vanquished Creatures
  Pikel (D:8)
  A deep elf mage (D:10)
  2 hippogriffs
  2 wyverns
  A vampire mosquito (D:10)
  3 ice beasts
  8 orc warriors
  A wasp (D:8)
  A black bear (D:9)
  4 sky beasts
  A necrophage (D:8)
  A slave (D:8)
  5 ogres
  2 centaurs
  4 giant frogs
  An elf zombie (Ossuary)
  3 scorpions
  15 killer bees
  A goliath beetle (D:9)
  4 crimson imps
  8 wights
  3 giant frog zombies
  4 hounds
  A human zombie (Ossuary)
  6 orc priests
  A gnoll shaman (D:6)
  4 jellies
  13 orc wizards
  A centaur skeleton (D:7)
  5 iguanas
  8 worker ants
  Ijyb (D:5)
  3 hound zombies (Ossuary)
  4 mummies (Ossuary)
  2 worker ant zombies
  Robin (D:3)
  6 gnolls
  13 adders
  3 shadow imps
  A giant mite (D:3)
  3 worms
  2 adder zombies
  6 giant geckos
  An ooze (D:2)
  43 orcs
  A bat skeleton (D:7)
  2 bat zombies (D:6)
  3 giant cockroaches
  2 gnoll zombies (Ossuary)
  20 hobgoblins
  10 jackals
  13 kobolds
  6 bats
  A giant gecko skeleton (D:4)
  6 giant newts
  16 goblins
  A goblin zombie (Ossuary)
  A hobgoblin zombie (Ossuary)
  A jackal zombie (Ossuary)
  A kobold zombie (Ossuary)
  3 quokkas
  A quokka skeleton (D:5)
  12 rats
  A rat zombie (Ossuary)
  6 ballistomycetes
311 creatures vanquished.

Vanquished Creatures (others)
  A slave (D:8)
  A centaur (D:10)
  A centaur zombie (D:8)
  An adder (D:8)
  A giant mite (D:8)
  3 orcs (D:8)
  A bat (D:10)
  4 giant spores
  A ballistomycete (D:9)
14 creatures vanquished.

Grand Total: 325 creatures vanquished

Notes
Turn   | Place    | Note
--------------------------------------------------------------
     0 | D:1      | Peloso, the Minotaur Fighter, began the quest for the Orb.
     0 | D:1      | Reached XP level 1. HP: 19/19 MP: 1/1
   100 | D:1      | Reached skill level 4 in Fighting
   100 | D:1      | Reached XP level 2. HP: 27/27 MP: 1/1
   607 | D:1      | Reached XP level 3. HP: 33/33 MP: 2/2
  1238 | D:3      | Found a white marble altar of Elyvilon.
  1314 | D:3      | Reached XP level 4. HP: 40/40 MP: 2/2
  1319 | D:3      | Found a burning altar of Makhleb.
  1319 | D:3      | Noticed a cacodemon
  1332 | D:3      | Reached skill level 1 in Dodging
  1419 | D:3      | HP: 2/40 [something/magic dart (10)]
  1890 | D:3      | Noticed Robin
  1910 | D:3      | Reached XP level 5. HP: 40/47 MP: 2/2
  1918 | D:3      | Killed Robin
  1952 | D:3      | Found an ancient bone altar of Kikubaaqudgha.
  2525 | D:4      | Reached skill level 5 in Shields
  2552 | D:4      | Reached skill level 5 in Armour
  2645 | D:4      | Reached XP level 6. HP: 53/53 MP: 3/3
  2660 | D:4      | Noticed a centaur
  2670 | D:4      | Killed a centaur
  2830 | D:4      | Found a staircase to the Ecumenical Temple.
  3154 | D:4      | Found Kluumucu's Antique Weapon Boutique.
  3240 | D:4      | Reached XP level 7. HP: 60/60 MP: 3/3
  3470 | D:5      | Entered Level 5 of the Dungeon
  3482 | D:5      | Found a basalt altar of Yredelemnul.
  3482 | D:5      | Found a snail-covered altar of Cheibriados.
  3515 | D:5      | Reached skill level 5 in Fighting
  3515 | D:5      | Reached skill level 6 in Shields
  3742 | Temple   | Entered the Ecumenical Temple
  4088 | D:5      | Noticed Ijyb
  4097 | D:5      | Killed Ijyb
  4266 | D:6      | Found a shattered altar of Ashenzari.
  4280 | D:6      | Reached skill level 5 in Long Blades
  4522 | D:6      | Reached skill level 7 in Shields
  4522 | D:6      | Reached XP level 8. HP: 65/69 MP: 3/3
  4557 | D:6      | Found a shimmering altar of Xom.
  4675 | D:6      | Found a bloodstained altar of Trog.
  4815 | D:6      | Found Zoavim's Weapon Boutique.
  5324 | D:7      | Found Mothriahu's Gadget Boutique.
  5350 | D:7      | Found a deep blue altar of Sif Muna.
  5435 | D:7      | Found a sand-covered staircase.
  5460 | Ossuary  | Entered an ossuary
  6242 | D:8      | Noticed Pikel
  6256 | D:8      | Paralysed by a wasp for 1 turns
  6263 | D:8      | Reached XP level 9. HP: 48/78 MP: 4/4
  6279 | D:8      | Killed Pikel
  6279 | D:8      | Reached skill level 5 in Dodging
  6279 | D:8      | Reached skill level 8 in Shields
  6344 | D:8      | Found an iron altar of Okawaru.
  6406 | D:8      | Became a worshipper of Warmaster Okawaru
  7272 | D:8      | Reached skill level 1 in Stealth
  7403 | D:8      | Found a sparkling altar of Nemelex Xobeh.
  7480 | D:8      | Acquired Okawaru's first power
  7537 | D:8      | Reached XP level 10. HP: 87/89 MP: 4/4
  7643 | D:8      | Reached skill level 9 in Shields
  8123 | D:9      | Found a stormy altar of Qazlal.
  8840 | D:10     | Entered Level 10 of the Dungeon
  9108 | D:10     | Found a staircase to the Orcish Mines.
  9115 | D:10     | Found a staircase to the Lair.
  9303 | D:10     | Reached skill level 10 in Long Blades
  9327 | D:10     | Reached skill level 10 in Shields
  9391 | D:10     | Got a warped long sword
  9392 | D:10     | Identified the +4 long sword of Dividends {venom, Noisy rElec Dex+3} (You found it on level 10 of the Dungeon)
  9551 | D:10     | Noticed a hill giant
  9623 | D:10     | Slain by a hill giant

Action                   |  1- 3 |  4- 6 |  7- 9 | 10-12 || total
-------------------------+-------+-------+-------+-------++-------
Melee: Long sword        |   105 |   189 |   351 |   188 ||   833
       Scimitar          |       |       |    67 |   138 ||   205
  Use: Scroll            |       |     7 |     8 |     3 ||    18
       Potion            |       |     1 |     1 |       ||     2
  Eat: Chunk             |       |     8 |    12 |     3 ||    23
       Beef jerky        |       |       |     1 |     2 ||     3
       Fruit             |       |       |     1 |       ||     1
